 Dungeon Crawl Stone Soup version 0.17-a0-530-gbe3d13a (webtiles) character file.

24272 nubinia the Destroyer (level 13, -3/83 HPs)
             Began as a Tengu Fire Elementalist on Apr 12, 2015.
             Was the Champion of Sif Muna.
             Slain by a frost giant
             ... wielding a +1 battleaxe of freezing
              (44 damage)
             ... in an ice cave.
             The game lasted 02:11:01 (23184 turns).

nubinia the Destroyer (Tengu Fire Elementalist)    Turns: 23184, Time: 02:11:01

Health: -3/83      AC:  9    Str: 10    XL:     13   Next: 12%
Magic:  41/47      EV: 15    Int: 24    God:    Sif Muna [******]
Gold:   1029       SH:  4    Dex: 15    Spells: 12 memorised, 3 levels left

rFire  . . .     SeeInvis .     b - +0 blowgun
rCold  + . .     Clarity  .     y - +1 robe {rC+}
rNeg   . . .     SustAb   .     w - +0 buckler
rPois  .         Gourm    .     V - +3 hat of Pondering {ponderous, MR+ MP+10 Int+5}
rElec  .         Spirit   .     T - +0 cloak {+Inv}
rCorr  .         Warding  .     A - +1 pair of gloves
rMut   .         Stasis   .     (boots unavailable)
MR     +....                    v - amulet of Vitality {Regen+ HP+15}
Stlth  ++++......               q - ring of stealth
                                M - ring of magical power

@: slow, somewhat resistant to hostile enchantments, stealthy
A: beak, talons 3, able to fly 1
a: Fly, Channel Energy, Forget Spell, Renounce Religion, Evoke Invisibility


You were in an ice cave.
You worshipped Sif Muna.
Sif Muna was exalted by your worship.
You were very full.

You visited 3 branches of the dungeon, and saw 14 of its levels.
You also visited: Ossuary, Ice Cave and Volcano.

You collected 1029 gold pieces.

Inventory:

Hand weapons
 a - a +2 short sword of venom
 b - a +0 blowgun (weapon)
 d - a +4 short sword
 R - a +2 dagger of freezing
Missiles
 u - 54 poisoned needles (quivered)
 L - 7 needles of sleeping
Armour
 i - a +1 robe of fire resistance
 w - a +0 buckler (worn)
 y - a +1 robe of cold resistance (worn)
 A - a +1 pair of gloves (worn)
 T - a +0 cloak of invisibility (worn)
 V - the +3 hat of Pondering (worn) {ponderous, MR+ MP+10 Int+5}
   (You took it off Gastronok on level 8 of the Dungeon)

   It affects your intelligence (+5).
   It affects your resistance to hostile enchantments.
   It affects your magic capacity (+10).
Magical staves
 p - an uncursed staff of poison
 t - an uncursed staff of air
Jewellery
 g - an uncursed amulet of the gourmand
 n - an uncursed ring of protection from cold
 q - a ring of stealth (right hand)
 v - the amulet of Vitality (around neck) {Regen+ HP+15}
   (You took it off an orc priest on level 5 of the Dungeon)

   [amulet of regeneration]

   It affects your health (+15).
   It increases your rate of regeneration.
 F - an uncursed ring of teleport control
 M - a ring of magical power (left hand)
 S - an uncursed amulet of resist corrosion
Magical devices
 X - a wand of cold (4)
Scrolls
 f - 2 scrolls of fog
 h - 5 scrolls of remove curse
 k - 4 scrolls of identify
 x - a scroll of blinking
 G - a scroll of teleportation
 I - a scroll of magic mapping
 K - a scroll of fear
 Q - 3 scrolls of recharging
Potions
 e - 6 potions of might
 j - 3 potions of restore abilities
 m - 4 potions of curing
 z - 6 potions of agility
 C - 3 potions of haste
 D - 3 potions of resistance
 E - 5 potions of brilliance
 P - 3 potions of ambrosia
 Y - a potion of magic
Books
 l - Sif Muna's Reference Book on Battle Magic
   (Sif Muna gifted it to you on level 2 of the Lair of Beasts)

   Spells                             Type                      Level
   a - Magic Dart                     Conjuration                  1
   b - Shock                          Conjuration/Air              1
   c - Throw Frost                    Conjuration/Ice              2
   d - Stone Arrow                    Conjuration/Earth            3
   e - Bolt of Fire                   Conjuration/Fire             6
   f - Orb of Destruction             Conjuration                  7
Miscellaneous
 c - a lamp of fire
Comestibles
 O - 11 royal jellies


   Skills:
 + Level 2.9 Fighting
 + Level 3.0 Short Blades
   Level 0.4(1.9) Long Blades
 - Level 4.0 Throwing
 + Level 6.5 Dodging
 + Level 6.9 Stealth
 + Level 0.6 Shields
 * Level 10.5 Spellcasting
 * Level 14.2 Conjurations
 + Level 0.3 Hexes
 * Level 11.3 Fire Magic
 + Level 2.4 Air Magic
 + Level 0.8 Poison Magic
 + Level 3.1 Invocations


You had 3 spell levels left.
You knew the following spells:

 Your Spells              Type           Power        Failure   Level  Hunger
a - Flame Tongue          Conj/Fire      #####        1%          1    None
b - Throw Flame           Conj/Fire      ######       1%          2    None
c - Mephitic Cloud        Conj/Pois/Air  #####...     2%          3    None
d - Sticky Flame          Conj/Fire      ######..     1%          4    None
e - Fireball              Conj/Fire      ######....   1%          5    ####...
f - Conjure Flame         Conj/Fire      ######..     1%          3    None
g - Inner Flame           Hex/Fire       #####...     2%          3    None
h - Cure Poison           Pois           ###.......   12%         2    None
i - Magic Dart            Conj           ####         1%          1    None
j - Shock                 Conj/Air       ####         1%          1    None
k - Throw Frost           Conj/Ice       #####.       1%          2    None
l - Stone Arrow           Conj/Erth      #####.       1%          3    None


Dungeon Overview and Level Annotations

Branches:
Dungeon (11/15)            Temple (1/1) D:7            Lair (2/8) D:11
    Orc (0/4) D:10

Altars:
Fedhas
Gozag
Ru
Sif Muna
Xom
Yredelemnul
Zin
The Shining One

Shops:
D:7 %

Portals:
Trove: D:10 (give horn of Geryon)

Annotations:
D:3 Sigmund
D:6 exclusion: 2 centaur warriors, Grinder


Innate Abilities, Weirdness & Mutations

You have a beak for a mouth.
You have claws for feet.
You can fly.


Message History

The frost giant burns!
The frost giant hits you with a battleaxe of freezing!!
The frost giant freezes you.
The frost giant looks more healthy.
The frost giant burns!
You see here a chunk of flesh.
The frost giant burns!
The frost giant burns!
The frost giant burns!
The frost giant burns! x2
The frost giant burns!
The frost giant gestures at you while chanting.
The bolt of cold hits you! You resist.
* * * LOW HITPOINT WARNING * * *
Wield which item (- for none, * to show all)? (? for menu, Esc to quit)
Okay, then.
Drink which item? (? for menu, Esc to quit)
You feel much better.
The frost giant burns!
The frost giant stops burning.
The frost giant hits you with a battleaxe of freezing!!!
Ouch! That really hurt!
You die...

######## ##### ##......####
####†..###
####....#.....####..%.#...######
##....#######....#...####........
÷÷.#### ###.@C†### #.((..... .###
###### §§§.(...## ## #.§......##
#........## ##.......# ###.....#
### ##..... ..### ##. #...##


You could see a frost giant.

Vanquished Creatures
  Gastronok (D:8)
  Fannar (D:10)
  Harold (Lair:1)
  Nergalle (Lair:1)
  A hill giant (D:10)
  An ice statue (IceCv)
  A sphinx skeleton (Volcano)
  Maurice (D:8)
  A spiny frog (Lair:2)
  A komodo dragon (Lair:1)
  A black mamba (Lair:1)
  A guardian mummy (Volcano)
  13 polar bears (IceCv)
  Prince Ribbit (D:6)
  A fire drake (Lair:1)
  3 blink frogs (Lair:1)
  2 flying skulls (Volcano)
  3 vampires (Volcano)
  A deep elf mage (D:10)
  A wyvern (D:9)
  A hungry ghost (D:9)
  20 yaks
  Grum (D:8)
  16 wolves
  2 hippogriffs
  4 wargs (D:10)
  A porcupine (Lair:1)
  2 merfolk skeletons (Volcano)
  Duvessa (D:6)
  3 orc warriors
  2 water moccasins
  Purgy (D:3)
  2 sky beasts (D:10)
  A necrophage (D:10)
  2 centaurs
  A manticore skeleton (Volcano)
  3 phantoms
  4 ogres
  12 ice beasts
  3 crocodiles
  A big kobold (D:10)
  7 giant frogs
  Dowan (D:6)
  9 scorpions
  11 killer bees
  10 wights
  A goliath beetle (D:5)
  4 orc priests
  9 hounds
  2 centaur zombies
  A human zombie (Ossuary)
  3 jellies (D:9)
  5 crimson imps
  2 giant frog skeletons
  11 orc wizards
  A quasit (D:10)
  Jessica (D:2)
  2 centaur skeletons
  2 two-headed ogre skeletons (Volcano)
  5 worker ants
  5 iguanas
  2 naga skeletons (Volcano)
  3 ogre skeletons (Volcano)
  5 mummies
  2 worker ant zombies
  4 gnolls (D:4)
  10 adders
  27 river rats
  4 scorpion zombies (Ossuary)
  2 shadow imps (D:8)
  5 worms
  2 giant geckos
  7 oozes
  39 orcs
  A ball python (D:2)
  5 giant cockroaches
  20 hobgoblins
  2 quokkas
  14 bats
  2 giant newts
  A giant spore (D:7)
  2 gnoll zombies (Ossuary)
  13 goblins
  3 goblin zombies (Ossuary)
  2 hobgoblin zombies (Ossuary)
  20 jackals
  18 kobolds
  An orc zombie (Ossuary)
  2 quokka zombies
  15 rats
  2 ballistomycetes (D:7)
447 creatures vanquished.

Vanquished Creatures (others)
  An orc wizard (D:5)
  A mummy (Ossuary)
2 creatures vanquished.

Grand Total: 449 creatures vanquished

Notes
Turn   | Place    | Note
--------------------------------------------------------------
     0 | D:1      | nubinia, the Tengu Fire Elementalist, began the quest for the Orb.
     0 | D:1      | Reached XP level 1. HP: 10/10 MP: 4/4
   419 | D:1      | Reached XP level 2. HP: 15/15 MP: 3/6
   917 | D:1      | Learned a level 2 spell: Throw Flame
  1189 | D:1      | Reached skill level 4 in Fire Magic
  1195 | D:1      | Reached XP level 3. HP: 19/19 MP: 4/7
  1203 | D:1      | Learned a level 3 spell: Conjure Flame
  1338 | D:2      | Noticed Jessica
  1341 | D:2      | Killed Jessica
  1439 | D:2      | Reached XP level 4. HP: 24/24 MP: 3/8
  2225 | D:2      | Found a sacrificial altar of Ru.
  2852 | D:3      | Noticed Sigmund
  3180 | D:3      | Gained mutation: You can fly. [Tengu growth]
  3180 | D:3      | Reached XP level 5. HP: 19/28 MP: 7/9
  3481 | D:3      | Noticed Purgy
  3494 | D:3      | Found a glowing silver altar of Zin.
  3497 | D:3      | Found a blossoming altar of Fedhas.
  4153 | D:4      | Noticed a phantom
  5006 | D:4      | Noticed a phantom
  5024 | D:5      | Entered Level 5 of the Dungeon
  5037 | D:5      | Found a sand-covered staircase.
  5217 | Ossuary  | Entered an ossuary
  5307 | Ossuary  | Reached XP level 6. HP: 31/33 MP: 6/11
  5313 | Ossuary  | Learned a level 4 spell: Sticky Flame
  5885 | Ossuary  | Reached skill level 1 in Short Blades
  6128 | Ossuary  | Reached skill level 1 in Fighting
  6209 | Ossuary  | Reached XP level 7. HP: 38/38 MP: 5/12
  6288 | Ossuary  | Reached skill level 5 in Fire Magic
  6310 | Ossuary  | Reached skill level 5 in Conjurations
  7260 | D:5      | Noticed an ice beast
  7267 | D:5      | Killed an ice beast
  7267 | D:5      | Reached skill level 6 in Conjurations
  7547 | D:5      | Reached XP level 8. HP: 41/43 MP: 14/14
  8525 | D:5      | Reached skill level 7 in Conjurations
  9179 | D:4      | Killed a phantom
  9843 | D:4      | Noticed an ogre
  9848 | D:4      | Killed an ogre
 10390 | D:3      | Learned a level 5 spell: Fireball
 10446 | D:3      | Killed a phantom
 10446 | D:3      | Reached skill level 8 in Conjurations
 10556 | D:3      | Killed Purgy
 10556 | D:3      | Reached XP level 9. HP: 47/47 MP: 8/17
 10758 | D:6      | Noticed Duvessa
 10758 | D:6      | Noticed Dowan
 10925 | D:6      | Killed Duvessa
 10946 | D:6      | Killed Dowan
 10956 | D:6      | Reached skill level 5 in Spellcasting
 11179 | D:6      | Noticed Prince Ribbit
 11186 | D:6      | Killed Prince Ribbit
 11186 | D:6      | Reached skill level 1 in Throwing
 11186 | D:6      | Reached skill level 9 in Conjurations
 11414 | D:6      | Noticed Grinder
 11416 | D:6      | Noticed a centaur warrior
 12211 | D:7      | Found Jirac's Food Emporium.
 12420 | D:7      | Found an opulent altar of Gozag.
 12449 | D:7      | Reached skill level 5 in Dodging
 12825 | D:7      | Found a staircase to the Ecumenical Temple.
 12834 | Temple   | Entered the Ecumenical Temple
 12859 | Temple   | Became a worshipper of Sif Muna the Loreminder
 13208 | D:8      | Noticed Gastronok
 13316 | D:8      | Noticed Maurice
 13323 | D:8      | Noticed Grum
 13325 | D:8      | Killed Maurice
 13325 | D:8      | Reached skill level 10 in Conjurations
 13335 | D:8      | Reached XP level 10. HP: 36/54 MP: 8/19
 13474 | D:8      | Reached skill level 5 in Stealth
 13534 | D:8      | Acquired Sif Muna's first power
 13751 | D:8      | Found a basalt altar of Yredelemnul.
 13835 | D:8      | Found a glowing golden altar of the Shining One.
 14247 | D:8      | Killed Grum
 14649 | D:8      | Killed Gastronok
 14649 | D:8      | Acquired Sif Muna's second power
 14649 | D:8      | Reached skill level 11 in Conjurations
 15662 | D:9      | Reached XP level 11. HP: 59/59 MP: 22/22
 15870 | D:10     | Entered Level 10 of the Dungeon
 15919 | D:10     | Reached skill level 12 in Conjurations
 16040 | D:10     | Found a staircase to the Orcish Mines.
 16371 | D:10     | Found a portal to a secret trove of treasure.
 16454 | D:10     | Noticed a hill giant
 16465 | D:10     | Killed a hill giant
 16766 | D:10     | Noticed Fannar
 16782 | D:10     | Killed Fannar
 16782 | D:10     | Acquired Sif Muna's third power
 18186 | D:11     | Found a staircase to the Lair.
 18218 | D:11     | Found a shimmering altar of Xom.
 18219 | D:11     | Found a shimmering altar of Xom.
 18219 | D:11     | Found a shimmering altar of Xom.
 18219 | D:11     | Found a shimmering altar of Xom.
 18795 | Lair:1   | Entered Level 1 of the Lair of Beasts
 18800 | Lair:1   | Upgraded the game from 0.17-a0-512-gd6a67cc to 0.17-a0-530-gbe3d13a
 18967 | Lair:1   | Found a dark tunnel.
 18982 | Volcano  | Entered a volcano
 19457 | Volcano  | Reached skill level 10 in Fire Magic
 19650 | Volcano  | Reached skill level 13 in Conjurations
 19700 | Volcano  | Reached XP level 12. HP: 37/64 MP: 17/26
 20461 | Lair:1   | Learned a level 3 spell: Mephitic Cloud
 20465 | Lair:1   | Learned a level 3 spell: Inner Flame
 20704 | Lair:1   | Noticed Harold
 20736 | Lair:1   | Killed Harold
 21376 | Lair:1   | Noticed Nergalle
 21385 | Lair:1   | Killed Nergalle
 21587 | Lair:1   | Reached skill level 1 in Air Magic
 22142 | Lair:1   | Learned a level 2 spell: Cure Poison
 22214 | Lair:2   | Received a gift from Sif Muna
 22215 | Lair:2   | Identified Sif Muna's Reference Book on Battle Magic (Sif Muna gifted it to you on level 2 of the Lair of Beasts)
 22250 | Lair:2   | Learned a level 1 spell: Magic Dart
 22252 | Lair:2   | Learned a level 1 spell: Shock
 22255 | Lair:2   | Learned a level 2 spell: Throw Frost
 22259 | Lair:2   | Learned a level 3 spell: Stone Arrow
 22272 | Lair:2   | Found a frozen archway.
 22314 | Lair:2   | Noticed an eight-headed hydra
 22315 | IceCv    | Entered an ice cave
 22343 | IceCv    | Reached skill level 10 in Spellcasting
 22347 | IceCv    | Reached skill level 1 in Invocations
 22479 | IceCv    | Reached skill level 14 in Conjurations
 22703 | IceCv    | Reached XP level 13. HP: 68/68 MP: 28/28
 23001 | IceCv    | Noticed a frost giant
 23184 | IceCv    | Slain by a frost giant

Action                   |  1- 3 |  4- 6 |  7- 9 | 10-12 | 13-15 || total
-------------------------+-------+-------+-------+-------+-------++-------
Melee: Short sword       |     9 |    63 |    84 |    54 |       ||   210
       Falchion          |       |       |    38 |       |       ||    38
       Dagger            |       |       |    26 |    22 |       ||    48
       Staff             |       |       |       |    34 |       ||    34
 Fire: Blowgun           |       |       |    28 |   182 |    26 ||   236
 Cast: Flame Tongue      |    41 |   116 |   142 |   384 |    18 ||   701
       Throw Flame       |       |    33 |    82 |   138 |     9 ||   262
       Sticky Flame      |       |       |    10 |    52 |     5 ||    67
       Conjure Flame     |       |       |       |    25 |     2 ||    27
       Fireball          |       |       |       |    21 |     1 ||    22
       Mephitic Cloud    |       |       |       |    30 |     9 ||    39
       Inner Flame       |       |       |       |     3 |       ||     3
Invok: Channel Energy    |       |       |       |    46 |    15 ||    61
 Abil: Fly               |       |       |       |     1 |       ||     1
  Use: Scroll            |     1 |     6 |    14 |    13 |     1 ||    35
       Potion            |       |       |     3 |     1 |     1 ||     5
 Stab: Sleeping          |     4 |    13 |    14 |    25 |     1 ||    57
       Distracted        |       |       |     1 |     2 |       ||     3
       Confused          |       |       |       |    14 |     4 ||    18
       Fleeing           |       |       |       |     1 |       ||     1
  Eat: Chunk             |     2 |    19 |    37 |    68 |     4 ||   130
       Beef jerky        |       |     1 |       |       |       ||     1
